 Dungeon Crawl Stone Soup version 0.30-b1-5-g8e6c1be481 (webtiles) character file.

Game seed: 7488764045226943394

66839 GloriousHammer the Spry (level 15, -2/101 HPs)
             Began as a Kobold Enchanter on May 4, 2023.
             Was the Champion of Dithmenos.
             Slain by a skeletal warrior
             ... wielding a +0 halberd
              (18 damage)
             ... on level 13 of the Dungeon.
             The game lasted 01:21:00 (23767 turns).

GloriousHammer the Spry (Kobold Enchanter)         Turns: 23767, Time: 01:21:01

Health: -2/101     AC: 18    Str:  6    XL:     15   Next: 63%
Magic:  7/21       EV: 27    Int: 17    God:    Dithmenos [******]
Gold:   738        SH:  0    Dex: 22    Spells: 7/22 levels left

rFire   + . .        b - +8 rapier of the Hills {holy, *Slow rPois rC+ rCorr}
rCold   + + .        (no shield)
rNeg    . . .        K - +1 troll leather armour
rPois   +            m - +2 hat {Will+}
rElec   .            H - +0 cloak {rPois}
rCorr   +            x - +3 pair of gauntlets of War {Slay+5}
SInv    .            G - +1 pair of boots of the Sky {rPois rC++ Regen+}
Will    ++...        R - amulet of the acrobat Stlth ***+++++++
                     F - ring of fire
HPRegen 1.96/turn    t - +4 ring of protection
MPRegen 0.17/turn

%: slow self (1%), acrobat
@: very slightly contaminated, wreathed by umbra
A: small, no large weapons, nightstalker 3
a: Renounce Religion, Shadow Step, Shadow Form


You were on level 13 of the Dungeon.
You worshipped Dithmenos.
Dithmenos was exalted by your worship.
You visited 4 branches of the dungeon, and saw 21 of its levels.
You also visited: Ice Cave and Volcano.

You collected 2971 gold pieces.
You spent 2233 gold pieces at shops.

Inventory:

Hand Weapons
 a - the +7 Spriggan's Knife {stab, EV+4 Stlth+}
   (You bought it in a shop on level 2 of the Orcish Mines)

   Stab:      It is more effective when stabbing unaware enemies, sometimes
   treating them as though they were completely helpless.
   EV:        It affects your evasion (+4).
   Stlth:     It makes you more stealthy.
 b - the +8 rapier of the Hills (weapon) {holy, *Slow rPois rC+ rCorr}
   (You acquired it on level 6 of the Dungeon)

   rC:        It protects you from cold.
   rPois:     It protects you from poison.
   rCorr:     It protects you from acid and corrosion.
   *Slow:     It may slow you when you take damage.
Missiles
 g - 9 boomerangs
 L - 2 atropa-tipped darts (quivered)
 P - 2 curare-tipped darts
 V - 4 silver boomerangs
Armour
 m - a +2 hat of willpower (worn)
 x - the +3 pair of gauntlets of War (worn) {Slay+5}
   (You bought it in a shop on level 11 of the Dungeon)

   Slay:      It affects your accuracy & damage with ranged weapons and melee
   (+5).
 G - the +1 pair of boots of the Sky (worn) {rPois rC++ Regen+}
   (You acquired it on level 6 of the Dungeon)

   rC:        It greatly protects you from cold.
   rPois:     It protects you from poison.
   Regen:     It increases your rate of health regeneration.
 H - a +0 cloak of poison resistance (worn)
 K - a +1 troll leather armour (worn)
Jewellery
 t - a +4 ring of protection (right hand)
 v - a ring of see invisible
 y - the ring "Exial" {MP+9 Str+2 Int+2 Stlth+}
   (You found it on level 7 of the Dungeon)

   [ring of magical power]

   Str:       It affects your strength (+2).
   Int:       It affects your intelligence (+2).
   MP:        It affects your magic capacity (+9).
   Stlth:     It makes you more stealthy.
 D - a +6 ring of dexterity
 F - a ring of fire (left hand)
 M - a ring of magical power
 R - an amulet of the acrobat (around neck)
 Y - a +4 ring of slaying
Wands
 e - a wand of roots (11)
 n - a wand of light (1)
 J - a wand of charming (7)
 N - a wand of flame (3)
 S - a wand of polymorph (5)
Scrolls
 c - a scroll of blinking {unknown}
 d - 2 scrolls of immolation
 i - 4 scrolls of identify
 j - 9 scrolls of teleportation
 o - 6 scrolls of enchant weapon
 p - a scroll of fog {unknown}
 q - 2 scrolls of torment
 r - 5 scrolls of poison
 u - 5 scrolls of amnesia
 w - 4 scrolls of fear
 E - 3 scrolls of vulnerability
 O - 2 scrolls of summoning
 X - a scroll of magic mapping
Potions
 f - a potion of heal wounds {unknown}
 h - 2 potions of magic
 k - 3 potions of might {unknown}
 l - 5 potions of lignification
 s - 2 potions of mutation {unknown}
 z - a potion of cancellation {unknown}
 A - 3 potions of berserk rage
 B - a potion of haste {unknown}
 C - a potion of resistance {unknown}
 I - 5 potions of curing
 Q - a potion of invisibility
 T - a potion of flight {unknown}
 U - 3 potions of attraction
Miscellaneous
 W - a piece from Xom's chessboard (15/15)


   Skills:
 + Level 14.8 Fighting
 + Level 10.5 Short Blades
 - Level 5.3 Ranged Weapons
 - Level 3.0 Armour
 + Level 16.1 Dodging
 + Level 15.4 Stealth
 - Level 4.0 Spellcasting
 - Level 2.0 Conjurations
 + Level 6.9 Hexes
 - Level 3.3 Translocations
 + Level 2.3 Air Magic
 - Level 6.6 Invocations
 - Level 6.6 Evocations


You had 7 spell levels left.
You knew the following spells:

 Your Spells              Type           Power      Damage    Failure   Level
a - Confusing Touch       Hex            27%        N/A       4%          3
b - Tukima's Dance        Hex            27%        N/A       4%          3
c - Blink                 Tloc           28%        N/A       10%         2
d - Dazzling Flash        Conj/Hex       36%        N/A       12%         3
e - Apportation           Tloc           28%        N/A       6%          1
f - Swiftness             Air            11%        N/A       28%         3

Your spell library contained the following spells:

 Spells                   Type           Power      Damage    Failure   Level
 Ensorcelled Hibernation  Hex/Ice        30%        N/A       9%          2
 Portal Projectile        Hex/Tloc       40%        N/A       9%          3
 Shock                    Conj/Air       40%        1d5       10%         1
 Lesser Beckoning         Tloc           28%        N/A       10%         2
 Magic Dart               Conj           40%        1d5       11%         1
 Momentum Strike          Conj/Tloc      24%        3d8       12%         2
 Searing Ray              Conj           20%        2d5       16%         2
 Inner Flame              Hex/Fire       22%        N/A       17%         3
 Gell's Gravitas          Tloc           14%        N/A       19%         3
 Teleport Other           Tloc           14%        N/A       19%         3
 Poisonous Vapours        Pois/Air       14%        N/A       22%         2
 Sting                    Tmut/Pois      12%        1d3       24%         1
 Fulminant Prism          Conj/Hex       9%         3d7       36%         4
 Hailstorm                Conj/Ice       6%         3d4       43%         3
 Leda's Liquefaction      Hex/Erth       7%         N/A       50%         4
 Manifold Assault         Tloc           14%        N/A       52%         4
 Call Canine Familiar     Summ           3%         N/A       56%         3
 Ozocubu's Armour         Ice            3%         N/A       56%         3
 Airstrike                Air            5%         2d(1-17)  67%         4
 Flame Wave               Conj/Fire      10%        2d6       83%         4
 Sticky Flame             Conj/Fire      10%        2d3       83%         4
 Ice Form                 Ice/Tmut       3%         N/A       93%         4
 Olgreb's Toxic Radiance  Pois           3%         N/A       93%         4
 Alistair's Intoxication  Tmut/Pois      2%         N/A       100%        5
 Blade Hands              Tmut           1%         N/A       100%        5
 Simulacrum               Ice/Necr       1%         N/A       100%        6
 Ozocubu's Refrigeration  Ice            1%         4d7       100%        7
 Storm Form               Tmut/Air       3%         N/A       100%        7


Dungeon Overview and Level Annotations

Branches:
Dungeon (13/15)            Temple (1/1) D:6            Lair (5/5) D:10
  Swamp (0/4) Lair:2        Snake (0/4) Lair:2        Slime (0/5) Lair:5
    Orc (2/2) D:9             Elf (0/3) Orc:2         IceCv (visited)
Volcano (visited)
 Vaults: D:13-14

Altars:
Ashenzari
Cheibriados
Dithmenos
Elyvilon
Fedhas
Gozag
Hepliaklqana
Kikubaaqudgha
Makhleb
Nemelex Xobeh
Okawaru
Qazlal
Ru
Sif Muna
Trog
Uskayaw
Vehumet
Wu Jian
Xom
Yredelemnul
Zin
The Shining One
Jiyva

Shops:
D:11 *   Orc:2 (:=(

Annotations:
D:6 exclusion: downstairs
D:8 exclusion: downstairs
D:12 3 runed translucent doors, Jase's ghost, journeyman MiFi
Lair:2 exclusion: 2 ghost crabs
Lair:3 exclusion: oklob plant
Orc:2 3 runed translucent doors


Innate Abilities, Weirdness & Mutations

You are small and have problems with some larger weapons.
You are completely attuned to the shadows.


Message History

You hit the hell hound but do no damage.
The hell hound is heavily wounded.
The hell hound completely misses you.
You hit the hell hound but do no damage.
The hell hound appears confused.
The hell hound is heavily wounded.
Your shadow hits the hell hound but does no damage.
The skeletal warrior hits you from afar with a +0 glaive.
You hit the fire elemental.
The fire elemental is lightly damaged.
Your shadow hits the fire elemental with a dagger.
The +8 rapier of the Hills {holy, *Slow rPois rC+ rCorr} softly glows with a divine radiance!
b - the +8 rapier of the Hills (weapon)
{holy, *Slow rPois rC+ rCorr} The hell hound closely misses the fire elemental.
The fire elemental completely misses you.
The skeletal warrior completely misses you.
Azrael the Boundless Flame comes into view.
He is wielding a +2 scimitar of flaming.
You miss the fire elemental.
The fire elemental is lightly damaged.
The hell hound barely misses the fire elemental.
The fire elemental barely misses you.
You're wearing all the rings you can.
Remove which one? (? for menu, Esc to cancel) < or
v - a ring of see invisible; > or
t - a +4 ring of protection You remove your ring of see invisible.
The hell hound bites the fire elemental!
The skeletal warrior closely misses you.
You feel more attuned to fire.
F - a ring of fire (left hand)
The fire elemental hits you. The fire elemental burns you! You resist.
You hit the fire elemental.
The fire elemental is heavily damaged.
Your shadow hits the fire elemental with a rapier!
The hell hound completely misses the fire elemental.
The fire elemental misses you.
The skeletal warrior completely misses you.
You hit the fire elemental.
The fire elemental is severely damaged.
Your shadow closely misses the fire elemental.
The hell hound barely misses the skeletal warrior.
A fire elemental comes into view.
The fire elemental completely misses you.
The skeletal warrior barely misses you.
You hit the fire elemental.
The fire elemental is almost destroyed.
You hit the fire elemental.
You destroy the fire elemental!
Dithmenos accepts your kill. The skeletal warrior barely misses you.
Casting: Confusing Touch (mildly dangerous; 4% risk of failure)
Confirm with . or Enter, or press ? or * to list all spells.
Your hands begin to glow red.
A hell hound comes into view.
Azrael gestures at you.
The sticky flame hits you but does no damage.
You resist.
You are covered in liquid flames!
The skeletal warrior completely misses you.
The hell hound barks!
You hear a bark!
You hit Azrael but do no damage.
Your shadow hits Azrael but does no damage.
You are covered in liquid flames!
A hell hound comes into view.
Azrael closely misses you. The skeletal warrior barely misses you.
You hit Azrael but do no damage.
Azrael appears confused.
Your shadow hits Azrael but does no damage.
You are covered in liquid flames!
The hell hound misses you.
You catch the helpless Azrael completely off-guard!
You stick Azrael like a pincushion!!!
Azrael convulses!!!
You kill Azrael!
Dithmenos accepts your kill.
You are covered in liquid flames!
A fire elemental comes into view.
The skeletal warrior completely misses you.
You puncture the hell hound!
The hell hound convulses!
You kill the hell hound!
Dithmenos accepts your kill.
You are covered in liquid flames!
The hell hound barely misses you.
You puncture the hell hound!
The hell hound convulses.
Your punch misses the hell hound.
The hell hound is moderately wounded.
Your shadow barely misses the hell hound.
You are covered in liquid flames!
You are no longer on fire.
The hell hound completely misses you. The skeletal warrior misses you.
You hit the hell hound.
The hell hound convulses.
The hell hound is heavily wounded.
The skeletal warrior hits you from afar with a +0 glaive!
You puncture the hell hound!
The hell hound convulses!
The hell hound is severely wounded.
Your shadow hits the hell hound with a rapier.
The hell hound barely misses you. The hell hound misses you.
The skeletal warrior hits you from afar with a +0 glaive!
You puncture the hell hound!
You kill the hell hound!
Dithmenos accepts your kill. The hell hound misses you.
You hit the hell hound.
The hell hound convulses.
You kill the hell hound!
Dithmenos accepts your kill.
The fire elemental completely misses you.
The skeletal warrior misses you.
You puncture the fire elemental!
The fire elemental is heavily damaged.
The fire elemental completely misses you.
The skeletal warrior hits you but does no damage.
Something unseen opens the door.
You hit the fire elemental.
The fire elemental is heavily damaged.
The fire elemental completely misses you. x2
You puncture the fire elemental!
The fire elemental is almost destroyed.
The fire elemental completely misses you.
The skeletal warrior hits you from afar with a +0 glaive!
The fire elemental hits you. The fire elemental burns you! You resist.
You completely miss the fire elemental.
The fire elemental is almost destroyed.
The fire elemental completely misses you.
The fire elemental barely misses you.
The skeletal warrior hits you from afar with a +0 glaive!!
Casting: Confusing Touch (mildly dangerous; 4% risk of failure)
Confirm with . or Enter, or press ? or * to list all spells.
Aiming: Tukima's Dance (mildly dangerous; 4% risk of failure)
Press: ? - help, Shift-Dir - straight line, f - skeletal warrior
Aim: a skeletal warrior, wielding a +0 short sword (lightly damaged, umbra, chance to affect: 4%)
The skeletal warrior resists with almost no effort.
The fire elemental barely misses you. x2
The skeletal warrior barely misses you. The skeletal warrior misses you.
The fire elemental misses you. The fire elemental closely misses you.
The skeletal warrior completely misses you.
The skeletal warrior is engulfed in blazing flames.
The skeletal warrior completely misses you.
The fire elemental closely misses you.
The skeletal warrior closely misses you.
The skeletal warrior is engulfed in blazing flames.
The skeletal warrior completely misses you.
There is an open door here.
You puncture the fire elemental!
You destroy the fire elemental!
Dithmenos accepts your kill.
You hit the skeletal warrior.
The skeletal warrior convulses.
The skeletal warrior is moderately damaged.
The skeletal warrior hits you with a +0 short sword.
The skeletal warrior hits you from afar with a +0 glaive.
Casting: Tukima's Dance (mildly dangerous; 4% risk of failure)
Confirm with . or Enter, or press ? or * to list all spells.
You can't see any susceptible monsters within range! (Use Z to cast anyway.)
You hit the skeletal warrior.
The skeletal warrior convulses.
The skeletal warrior is moderately damaged.
Your shadow barely misses the skeletal warrior.
The fire elemental barely misses you.
The skeletal warrior is engulfed in blazing flames.
The skeletal warrior hits you but does no damage.
The skeletal warrior completely misses you.
Casting: Tukima's Dance (mildly dangerous; 4% risk of failure)
Confirm with . or Enter, or press ? or * to list all spells.
Aiming: Tukima's Dance (mildly dangerous; 4% risk of failure)
Press: ? - help, Shift-Dir - straight line, f/p - skeletal warrior
Aim: a skeletal warrior, wielding a +0 short sword (moderately damaged, umbra, chance to affect: 4%)
The skeletal warrior resists with almost no effort.
The fire elemental completely misses you.
The skeletal warrior is engulfed in blazing flames.
The skeletal warrior hits you from afar with a +0 glaive.
The skeletal warrior hits you with a +0 hand axe!
The skeletal warrior completely misses you.
You hit the skeletal warrior.
The skeletal warrior convulses.
The skeletal warrior is moderately damaged.
The fire elemental barely misses you.
You closely miss the skeletal warrior.
The skeletal warrior is moderately damaged.
The fire elemental completely misses you.
The skeletal warrior hits you with a +0 hand axe!
You closely miss the skeletal warrior.
The skeletal warrior is moderately damaged.
The fire elemental completely misses you.
Unknown command.
You hit the skeletal warrior but do no damage.
The skeletal warrior is moderately damaged.
The skeletal warrior barely misses you. The fire elemental hits you.
The fire elemental burns you! You resist.
Aiming: Shadow Step
Press: ? - help, Dir - move target, f - skeletal warrior
Aim: a skeletal warrior, wielding a +0 halberd (wandering, hasn't noticed you, umbra)
You step into the skeletal warrior's shadow.
You puncture the skeletal warrior!
The skeletal warrior convulses!
The skeletal warrior is moderately damaged.
Your shadow closely misses the skeletal warrior.
The skeletal warrior hits you with a +0 halberd!!
* * * LOW HITPOINT WARNING * * *
Okay, then.
Okay, then.
Casting: Tukima's Dance (mildly dangerous; 4% risk of failure)
Confirm with . or Enter, or press ? or * to list all spells.
You miscast Swiftness.
You are very lightly contaminated with residual magic.
Nothing appears to happen.
The skeletal warrior hits you with a +0 halberd!!
You die...

#☼..z○E# #.☼###☼# ##
#..○.☼.# .#
######..☼E..# .#
#...........# .#
#...........#
.##+#######...........#
......#...'.....z##...#
......#...#.....@##...#
#.......H...)###z.....#
#.......#..#.z○#.E..†.#
#.......#..#..z#.○....#
.....#..#..#..z○○.....#
.....#..####.###.####.#
..#..#..#..#...#.####.#
..#..####..#...#......#
..#..#..#..#...#......#


You could see 2 skeletal warriors and a fire elemental.

Vanquished Creatures
  Gastronok (D:9)
  Azrael (D:13)
  A fire dragon (Lair:5)
  6 hydras
  A catoblepas (Lair:5)
  An ice dragon (Lair:4)
  2 two-headed ogres
  2 boulder beetles
  Urug (D:10)
  3 orc high priests (Orc:2)
  3 skysharks
  An obsidian statue (Volcano)
  A lindwurm (Lair:5)
  5 orc sorcerers (Orc:2)
  2 ugly things
  4 orc knights
  3 manticores
  3 cyclopes
  Joseph (D:9)
  11 elephants (Lair:5)
  6 black mambas
  A guardian serpent (Lair:2)
  2 molten gargoyles (Lair:5)
  2 ice statues (IceCv)
  Maggie (D:7)
  13 cane toads
  An unseen horror (D:10)
  9 komodo dragons
  2 rime drakes
  A freezing wraith (IceCv)
  A hornet (D:9)
  2 trolls
  4 polar bears
  Prince Ribbit (D:7)
  28 blink frogs
  5 slime creatures (D:12)
  8 wyverns
  A wraith (D:12)
  40 yaks
  4 fire bats (Volcano)
  6 basilisks
  3 fire elementals
  2 steam dragons
  A spectral cane toad (Lair:2)
  6 vampire mosquitoes
  2 acid dragons (D:10)
  7 hell hounds
  15 water moccasins
  Duvessa (D:7)
  4 black bears
  An ice beast (D:8)
  17 orc warriors
  2 sky beasts
  A spectral yak (Lair:2)
  7 ogres
  14 centaurs
  15 wolves
  A spectral rime drake (Lair:2)
  A phantom (D:5)
  5 kobold brigands
  15 bullfrogs
  A necrophage (D:8)
  A wyvern zombie (D:8)
  5 scorpions
  4 wights (D:8)
  Dowan (D:7)
  2 elephant simulacra (IceCv)
  9 killer bees
  An electric eel (D:11)
  4 howler monkeys
  5 centaur zombies
  A hound (D:5)
  A human zombie (D:8)
  11 lava snakes
  12 jellies (Lair:5)
  9 orc priests
  Crazy Yiuf (D:7)
  An iguana (D:6)
  2 sleepcaps
  17 orc wizards
  3 wolf simulacra (IceCv)
  2 mummies (D:8)
  2 howler monkey zombies (D:8)
  4 gnolls
  4 adders
  3 white imps (Lair:4)
  2 ufetubi
  2 worms (D:3)
  3 dart slugs
  56 orcs
  6 bats
  7 endoplasms
  2 giant cockroaches
  5 goblins
  8 hobgoblins
  2 quokkas (D:2)
  12 ball pythons
  2 frilled lizards (D:1)
  23 kobolds
  5 rats
552 creatures vanquished.

Vanquished Creatures (collateral kills)
  2 blink frogs (D:10)
  An orc warrior (D:9)
  An ogre (Orc:2)
  A gnoll sergeant (D:7)
  A wight (D:8)
  An orc priest (D:9)
  An orc wizard (Orc:2)
  3 gnolls
  2 orcs
  A kobold (D:8)
14 creatures vanquished.

Vanquished Creatures (others)
  A centaur warrior (Volcano)
  A yak (Lair:3)
  18 dancing weapons
  2 orc priests (Orc:2)
  53 fungi
  86 plants
  A withered plant (D:13)
162 creatures vanquished.

Grand Total: 728 creatures vanquished

Notes
Turn   | Place    | Note
-------+----------+-------------------------------------------
     0 | D:1      | GloriousHammer the Kobold Enchanter began the quest for the
                  | Orb.
     0 | D:1      | Reached XP level 1. HP: 10/10 MP: 3/3
   276 | D:1      | Reached XP level 2. HP: 15/15 MP: 5/5
   609 | D:1      | Reached XP level 3. HP: 19/19 MP: 6/6
  1143 | D:2      | Found a snail-covered altar of Cheibriados.
  1393 | D:2      | Reached skill level 5 in Stealth
  1407 | D:2      | Reached XP level 4. HP: 22/24 MP: 6/8
  1933 | D:2      | Learned a level 3 spell: Confusing Touch
  1937 | D:2      | Learned a level 3 spell: Tukima's Dance
  1940 | D:2      | Learned a level 2 spell: Blink
  2335 | D:3      | Found a faded altar of an unknown god.
  2460 | D:3      | Reached XP level 5. HP: 23/28 MP: 0/9
  2703 | D:4      | Noticed a bullfrog
  2725 | D:4      | Killed a bullfrog
  3134 | D:4      | Noticed an ogre
  3138 | D:4      | Killed an ogre
  3139 | D:4      | Reached XP level 6. HP: 32/32 MP: 9/11
  3737 | D:5      | Entered Level 5 of the Dungeon
  3797 | D:5      | Reached XP level 7. HP: 12/37 MP: 5/12
  4056 | D:5      | Reached skill level 1 in Fighting
  4056 | D:5      | Reached skill level 1 in Translocations
  4517 | D:6      | Reached XP level 8. HP: 44/44 MP: 12/14
  4793 | D:6      | Reached skill level 5 in Short Blades
  4799 | D:6      | Reached skill level 5 in Hexes
  5053 | D:6      | Reached skill level 3 in Dodging
  5547 | D:6      | Found a staircase to the Ecumenical Temple.
  5553 | Temple   | Entered the Ecumenical Temple
  5813 | Temple   | Became a worshipper of Dithmenos the Shadowed
  6173 | D:7      | Found a runed translucent door.
  6176 | D:7      | Noticed Crazy Yiuf
  6203 | D:7      | Identified the ring "Exial" {MP+9 Str+2 Int+2 Stlth+}
  6527 | D:7      | Reached XP level 9. HP: 51/51 MP: 15/15
  6550 | D:7      | Noticed Duvessa
  6554 | D:7      | Noticed Dowan
  6605 | D:6      | Identified 4 scrolls of acquirement
  6610 | D:6      | Acquired the +8 rapier of the Hills {holy, *Slow rPois rC+
                  | rCorr}
  6611 | D:6      | Acquired a +4 ring of slaying
  6619 | D:6      | Acquired the +1 pair of boots of the Sky {rPois rC++
                  | Regen+}
  6625 | D:6      | Acquired 991 gold pieces
  6683 | D:7      | Noticed Maggie
  6691 | D:7      | Killed Maggie
  6692 | D:7      | Reached skill level 4 in Dodging
  6726 | D:7      | Noticed Prince Ribbit
  6729 | D:7      | Killed Prince Ribbit
  6879 | D:7      | Killed Duvessa
  6885 | D:7      | Killed Dowan
  7370 | D:7      | Killed Crazy Yiuf
  7538 | D:8      | Reached skill level 5 in Dodging
  7596 | D:8      | Found a basalt altar of Yredelemnul.
  7602 | D:8      | Reached * piety under Dithmenos
  7625 | D:8      | Reached skill level 1 in Armour
  7750 | D:8      | Reached XP level 10. HP: 58/58 MP: 16/16
  7860 | D:8      | Reached skill level 5 in Fighting
  7962 | D:8      | Reached skill level 10 in Stealth
  8115 | D:8      | Found a white marble altar of Elyvilon.
  8117 | D:8      | Found a blossoming altar of Fedhas.
  8125 | D:8      | Found a sacrificial altar of Ru.
  8132 | D:8      | Found a hide-covered altar of Uskayaw.
  8136 | D:8      | Found an iron altar of Okawaru.
  8139 | D:8      | Found a glowing silver altar of Zin.
  8172 | D:8      | Reached skill level 6 in Dodging
  8287 | D:8      | Reached ** piety under Dithmenos
  8516 | D:9      | Noticed Joseph
  8611 | D:9      | Killed Joseph
  8731 | D:9      | Found a staircase to the Orcish Mines.
  9045 | D:9      | Reached skill level 7 in Dodging
  9074 | D:9      | Reached skill level 1 in Evocations
  9110 | D:9      | Reached *** piety under Dithmenos
  9111 | D:9      | Reached skill level 1 in Invocations
  9124 | D:9      | Reached XP level 11. HP: 66/66 MP: 14/17
  9161 | D:9      | Noticed Gastronok
  9178 | D:9      | Killed Gastronok
  9232 | D:9      | Noticed a boulder beetle
  9247 | D:9      | Killed a boulder beetle
  9306 | D:9      | Found a stormy altar of Qazlal.
  9488 | D:9      | Reached skill level 8 in Dodging
  9570 | D:10     | Entered Level 10 of the Dungeon
  9624 | D:10     | Found a staircase to the Lair.
  9700 | D:10     | Reached skill level 10 in Short Blades
  9904 | D:10     | Reached **** piety under Dithmenos
  9911 | D:10     | Reached XP level 12. HP: 73/73 MP: 18/18
  9939 | D:10     | Reached skill level 5 in Evocations
 10087 | D:10     | Noticed Urug
 10103 | D:10     | Killed Urug
 10104 | D:10     | Reached skill level 9 in Dodging
 10509 | Lair:1   | Entered Level 1 of the Lair of Beasts
 10638 | D:10     | Reached skill level 5 in Invocations
 10821 | Lair:1   | Learned a level 3 spell: Dazzling Flash
 11031 | Lair:1   | Reached skill level 1 in Conjurations
 11532 | Lair:2   | Noticed a four-headed hydra
 11550 | Lair:2   | Found a staircase to the Snake Pit.
 11557 | Lair:2   | Killed a four-headed hydra
 11939 | Lair:2   | Reached skill level 10 in Dodging
 11947 | Lair:2   | Noticed a skyshark
 11952 | Lair:2   | Killed a skyshark
 12037 | Lair:2   | You fall into a shaft and drop 2 floors!
 12037 | Lair:4   | Noticed an ice dragon
 12041 | Lair:4   | Killed an ice dragon
 12083 | Lair:5   | Entered Level 5 of the Lair of Beasts
 12083 | Lair:5   | Noticed a four-headed hydra
 12086 | Lair:5   | Killed a four-headed hydra
 12102 | Lair:5   | Found a frozen archway.
 12111 | IceCv    | Entered an ice cave
 12243 | IceCv    | Found a transporter.
 12501 | IceCv    | Reached XP level 13. HP: 78/82 MP: 19/19
 12521 | IceCv    | Reached skill level 11 in Dodging
 12741 | IceCv    | Found a transporter.
 12756 | IceCv    | Reached skill level 10 in Fighting
 12900 | Lair:5   | Noticed a catoblepas
 13224 | Lair:3   | Reached skill level 12 in Dodging
 13542 | Lair:2   | Reached ***** piety under Dithmenos
 13550 | Lair:2   | Found a staircase to the Swamp.
 13550 | Lair:2   | Noticed a ghost crab
 13550 | Lair:2   | Noticed a ghost crab
 14113 | Lair:3   | Reached skill level 13 in Dodging
 14228 | Lair:3   | Noticed an eight-headed hydra
 14246 | Lair:3   | Killed an eight-headed hydra
 15257 | Lair:4   | Identified the +10 short sword of Hospitality {holy, Str+4}
 15310 | Lair:4   | Reached XP level 14. HP: 92/92 MP: 20/20
 15450 | Lair:4   | Reached skill level 14 in Dodging
 16231 | Lair:5   | Found a large runed translucent door.
 16231 | Lair:5   | Found a large runed translucent door.
 16604 | Lair:5   | Reached skill level 15 in Dodging
 16877 | Lair:5   | Found a viscous altar of Jiyva.
 16879 | Lair:5   | Found a staircase to the Slime Pits.
 17457 | Orc:1    | Entered Level 1 of the Orcish Mines
 17644 | Orc:1    | Found a dark tunnel.
 17701 | Volcano  | Entered a volcano
 17899 | Volcano  | Reached skill level 1 in Ranged Weapons
 18129 | Volcano  | Reached XP level 15. HP: 92/100 MP: 21/21
 18180 | Volcano  | Found a bloodstained altar of Trog.
 18398 | Orc:1    | Reached ****** piety under Dithmenos
 18533 | Orc:1    | You fall into a shaft and drop 1 floor!
 18533 | Orc:2    | Entered Level 2 of the Orcish Mines
 18728 | Orc:2    | Found a staircase to the Elven Halls.
 18732 | Orc:2    | Found a runed translucent gate.
 18732 | Orc:2    | Found a runed translucent gate.
 18732 | Orc:2    | Found a runed translucent gate.
 21105 | Orc:2    | Reached skill level 5 in Ranged Weapons
 21105 | Orc:2    | Reached skill level 15 in Stealth
 21114 | Orc:2    | Found Anutzosa's Weapon Boutique.
 21114 | Orc:2    | Found Noajuoth's Weapon Shoppe.
 21117 | Orc:2    | Found Cistaf's Jewellery Boutique.
 21117 | Orc:2    | Found Qecihum's Book Shoppe.
 21251 | Orc:2    | Bought the +7 Spriggan's Knife {stab, EV+4 Stlth+} for 1017
                  | gold pieces
 21251 | Orc:2    | Found the +7 Spriggan's Knife {stab, EV+4 Stlth+}
 21253 | Orc:2    | Bought a book of Party Tricks for 176 gold pieces
 21253 | Orc:2    | Bought a book of Air for 242 gold pieces
 21255 | Orc:2    | Learned a level 1 spell: Apportation
 21259 | Orc:2    | Learned a level 3 spell: Swiftness
 22124 | D:11     | Found Vatzet's General Store.
 22130 | D:11     | Bought the +3 pair of gauntlets of War {Slay+5} for 665
                  | gold pieces
 22130 | D:11     | Found the +3 pair of gauntlets of War {Slay+5}
 22130 | D:11     | Bought a scroll of magic mapping for 105 gold pieces
 22130 | D:11     | Bought a scroll of identify for 28 gold pieces
 22194 | D:11     | Reached skill level 1 in Air Magic
 22472 | D:11     | Reached skill level 16 in Dodging
 22914 | D:12     | Found a runed translucent gate.
 23058 | D:12     | Found a runed translucent gate.
 23058 | D:12     | Noticed Jase's ghost (journeyman MiFi)
 23059 | D:12     | Found a runed translucent gate.
 23730 | D:13     | Noticed Azrael
 23741 | D:13     | Killed Azrael
 23767 | D:13     | Slain by a skeletal warrior

Illustrated notes

Levels and vault maps discovered:
D:1:      sevenhm_arrival_forest_fort_large_1, layout_loops_ring,
          chequers_serial_rivers_room_a
D:2:      layout_loops_ring, basic_altar, chequers_serial_rivers_room_b,
          minmay_pentomino_w4
D:3:      layout_rooms, basic_ecumenical_altar
D:4:      layout_basic
D:5:      layout_cave_pools, serial_column_ruins, column_ruins_hut,
          column_ruins_grid_4, column_ruins_open_small, column_ruins_grid_3,
          column_ruins_grid_4, column_ruins_columns_corner,
          chequers_serial_rivers_small_b
D:6:      layout_rooms, minmay_temple_entry_fiery
D:7:      hellmonk_crumbling_castle, layout_basic, kennysheep_pointless_box,
          uniq_crazy_yiuf_cottage, uniq_prince_ribbit1, uniq_duvessa,
          uniq_maggie
D:8:      layout_loops_ring, nicolae_overflow_hallway_of_the_gods,
          lemuel_mausoleum_altar_yredelemnul
D:9:      layout_rooms, mainiacjoe_overflow_small_starburst, serial_aquarium,
          aquarium_bridge_square [aquarium_subvault_window,
          aquarium_subvault_balcony, aquarium_subvault_window,
          aquarium_subvault_bridge], aquarium_bridge_square
          [aquarium_subvault_window, aquarium_subvault_bridge,
          aquarium_subvault_window, aquarium_subvault_wall], aquarium_window_2,
          aquarium_window_1, aquarium_view_2f, aquarium_pool_corner,
          uniq_joseph, uniq_gastronok
D:10:     layout_basic, due_lair_maze_entry_diamond, lemuel_flame_loot_1,
          uniq_urug
D:11:     layout_basic, serial_shops, shop, kennysheep_small_spiral
D:12:     layout_basic, gammafunk_ghost_nasty_kobolds
D:13:     layout_stronghold, gauntlet_entry_generic, serial_undead,
          serial_undead_c, serial_undead_b, serial_undead_b, serial_undead_f,
          serial_undead_d, serial_undead_e, serial_undead_c, serial_undead_f,
          grunt_ministairs_15, minmay_statues_item,
          hangedman_abyss_or_decor_stagger, trog_butcher_becter, uniq_azrael
Temple:   dpeg_chambers_temple
Lair:1:   layout_roguey
Lair:2:   layout_regular_city, nicolae_swamp_entry_spooky,
          minmay_snake_entry_spellcaster, infiniplex_staircase_pool_2
Lair:3:   layout_regular_city, gammafunk_lair_bear_cave, grunt_megastairs_4,
          infiniplex_staircase_pool, serial_bayou_shore_b, lemuel_fruit_fields,
          serial_bayou_shore_b
Lair:4:   layout_regular_city, bobbens_ice_dragon_lair
Lair:5:   cheibrodos_lair_end_hotspot, layout_gridlike,
          minmay_slime_entry_jelly_boxes, portal_ice_cave_entry_pillars_2
Orc:1:    layout_diamond_mine, nicolae_volcano_entry_two_sided
Orc:2:    grunt_orc_tribal_feast, layout_caves, basic_altar,
          gammafunk_ghost_necromancy

Skill      XL: |  1  2  3  4  5  6  7  8  9 10 11 12 13 14 15 |
---------------+----------------------------------------------+-----
Short Blades   | 2 3 4 6 7 9 10 | 10.5
Stealth        | 5 6 7 8 9 11 12 14 15 | 15.4
Spellcasting   | 3 4 |  4.0
Hexes          | 4 5 6 |  6.9
Fighting       | 1 3 4 6 7 9 12 14 | 14.8
Translocations | 1 3 |  3.3
Dodging        | 3 5 7 8 10 13 15 16 | 16.1
Armour         | 1 3 |  3.0
Evocations     | 1 4 6 |  6.6
Invocations    | 1 4 6 |  6.6
Conjurations   | 2 |  2.0
Ranged Weapons | 1 5 |  5.3
Air Magic      | 2 |  2.3

Action                     |  1- 3 |  4- 6 |  7- 9 | 10-12 | 13-15 || total
---------------------------+-------+-------+-------+-------+-------++-------
  Melee: Dagger            |    57 |   122 |   110 |       |       ||   289
         Punch             |       |       |     1 |     4 |    26 ||    31
         Rapier            |       |       |    61 |   433 |  1037 ||  1531
         Knife             |       |       |       |       |   120 ||   120
   Fire: Sling             |       |       |       |       |     3 ||     3
         Arbalest          |       |       |       |       |    16 ||    16
  Throw: Dart              |       |       |     1 |       |       ||     1
   Cast: Tukima's Dance    |       |     4 |    11 |    19 |    49 ||    83
         Confusing Touch   |       |     2 |    11 |     3 |    15 ||    31
         Dazzling Flash    |       |       |       |       |     8 ||     8
 Invoke: Shadow Step       |       |       |       |       |     4 ||     4
  Evoke: Wand              |       |       |       |     8 |     3 ||    11
    Use: Scroll            |       |       |    10 |    13 |     7 ||    30
         Potion            |       |       |     3 |     1 |     1 ||     5
   Stab: Sleeping          |    19 |    21 |    30 |    51 |    82 ||   203
         Confused          |       |     1 |     8 |     4 |    10 ||    23
         Distracted        |       |       |     4 |     5 |    14 ||    23
         Invisible         |       |       |       |     1 |     3 ||     4
         Petrified         |       |       |       |       |     9 ||     9
 Armour: Robe              |     7 |    23 |    16 |    51 |       ||    97
         Leather armour    |       |       |     2 |    14 |       ||    16
         Troll leather arm |       |       |       |    59 |   227 ||   286
  Dodge: Dodged            |    30 |    74 |   102 |   428 |  1433 ||  2067
